Map: Frozen Temple

Players

Miszu - Winner!

  • Race: Terran Terran
  • League: Master

Kennyhavit

  • Race: Terran Terran
  • League: Diamond

VOD

Have the link to the VOD?

Description

Time

  • Played on: June 26, 2016, 8:19 a.m.
  • Length: 4:39
Show
View Real Time Build Order
Export as new Build Order

Miszu Terran - Winner!

Build Orders: 1/1/1 

Get SALT Encoding   

  12  0:01  SCV  
  13  0:14  SCV  
  14  0:18  Supply Depot  
  14  0:26  SCV  
  15  0:31  Refinery  
  15  0:39  SCV  
  16  0:46  Barracks  
  16  0:51  SCV  
  17  1:01  Refinery  
  17  1:03  SCV  
  18  1:15  SCV  
  19  1:28  SCV  
  20  1:34  Factory  
  20  1:39  Reaper  
  21  1:40  Orbital Command  
  21  1:49  Supply Depot  
  21  2:10  SCV  
  21  2:11  Reaper  
  23  2:17  Hellion  
  23  2:18  Starport  
  23  2:22  SCV  
  26  2:29  Supply Depot  
  26  2:34  SCV  
  27  2:39  Hellion  
  27  2:43  Reaper  
  25  2:59  SCV  
  25  3:01  Hellion  
  20  3:15  Reaper, SCV  
  18  3:22  Hellion  
  18  3:27  SCV  
  19  3:47  Reaper  
  20  3:50  Hellion  
  22  3:56  SCV  
  23  4:08  SCV  
  24  4:11  Hellion  
  26  4:17  Starport Tech Lab  
  26  4:20  SCV  
Show
View Real Time Build Order
Export as new Build Order

Kennyhavit Terran 

Build Orders:  

Get SALT Encoding   

  12  0:01  SCV  
  13  0:13  SCV  
  14  0:20  Supply Depot  
  14  0:25  SCV  
  15  0:43  Barracks  
  15  0:55  Barracks  
  15  1:06  Barracks  
  15  1:10  SCV  
  16  1:23  SCV  
  17  1:30  Marine  
  17  1:32  Barracks  
  18  1:42  Marine  
  19  1:48  Barracks  
  19  1:50  Marine  
  20  1:58  Supply Depot  
  20  2:01  Marine  
  20  2:06  Marine  
  22  2:10  Marine  
  23  2:20  Marine x2  
  25  2:24  Supply Depot  
  25  2:28  Marine  
  26  2:33  Marine  
  27  2:45  Marine x3  
  28  2:58  Marine x2  
  30  3:03  Marine x2  
  21  3:25  Marine x5  
  21  3:43  Marine x5  
  25  4:00  Marine  
  25  4:01  Marine x4  
  30  4:04  Orbital Command  
  30  4:18  Marine x3  
  30  4:19  Marine  
Tags
 
Matchup
TvT
Opening
1/1/1
Player
Miszu
Race
Terran
Add a new tag
Caveats
  • Supply blocks, unpowered buildings, or Contaminate may cause inaccurate times.
  • Supply counts are checked every 10 seconds.